 Dungeon Crawl Stone Soup version 0.29.1-12-g30fa7ad0bf (webtiles) character file.

Game seed: 14276115243788062746

1698 xzight the Ruffian (level 8, -6/79 HPs)
             Began as a Troll Fighter on Dec 27, 2022.
             Was a Believer of Okawaru.
             Killed from afar by Maggie (16 damage)
             ... with a bolt of fire
             ... on level 6 of the Dungeon.
             The game lasted 00:08:27 (4501 turns).

xzight the Ruffian (Troll Fighter)                  Turns: 4501, Time: 00:08:28

Health: -6/79      AC:  5    Str: 27    XL:     8   Next: 72%
Magic:  7/9        EV: 10    Int:  4    God:    Okawaru [**....]
Gold:   245        SH: 10    Dex:  9    Spells: 7/7 levels left

rFire   . . .      SeeInvis .     - Unarmed
rCold   . . .      Faith    .   b - +0 kite shield
rNeg    . . .      Spirit   .   a - +0 robe
rPois   .          Reflect  .   (helmet restricted)
rElec   .          Harm     .   u - +0 cloak
rCorr   .          Rampage  .   (gloves unavailable)
Will    .....                   (boots unavailable)
Stlth   +++.......              (no amulet)
HPRegen 1.03/turn               (no ring)
MPRegen 0.11/turn               (no ring)

@: heroic, mesmerised
A: large, unfitting armour, claws 3, regeneration 1, shaggy fur 1, tough skin 1
a: Renounce Religion, Heroism


You were on level 6 of the Dungeon.
You worshipped Okawaru.
Okawaru was pleased with you.
You visited 1 branch of the dungeon, and saw 6 of its levels.

You collected 245 gold pieces.


Innate Abilities, Weirdness & Mutations

You are too large for most types of armour.
You have claws for hands.
Your natural rate of healing is unusually fast.
You are covered in fur. (AC +1)
You have tough skin. (AC +1)


   Skills:
 + Level 4.5(9.5) Fighting
 + Level 4.6(9.6) Throwing
 - Level 2.4(7.4) Dodging
 + Level 4.6(9.6) Shields
 + Level 6.5(11.5) Unarmed Combat
 + Level 3.7 Invocations


You had 7 spell levels left.
You didn't know any spells.
Your spell library contained the following spells:

 Spells                   Type           Power      Damage    Failure   Level
 Ensorcelled Hibernation  Hex/Ice        0%         N/A       85%         2
 Sublimation of Blood     Necr           0%         N/A       85%         2
 Spider Form              Tmut/Pois      0%         N/A       97%         3
 Anguish                  Hex/Necr       0%         N/A       100%        4
 Petrify                  Tmut/Erth      0%         N/A       100%        4
 Irradiate                Conj/Tmut      0%         3d11      100%        5
 Chain Lightning          Conj/Air       0%         N/A       100%        9
 Fire Storm               Conj/Fire      0%         5d1       100%        9
 Shatter                  Erth           0%         3d5*      100%        9

Inventory:

Missiles
 f - 4 boomerangs (quivered)
Armour
 a - a +0 robe (worn)
 b - a +0 kite shield (worn)
 u - a +0 cloak (worn)
Wands
 y - a wand of roots (10)
 A - a wand of flame (20)
Scrolls
 i - 3 scrolls of teleportation {unknown}
 k - a scroll of blinking {unknown}
 l - a scroll of immolation {unknown}
 m - 2 scrolls of noise {unknown}
 n - a scroll of poison {unknown}
 p - 6 scrolls of identify {unknown}
 r - a scroll of butterflies {unknown}
 s - a scroll of brand weapon {unknown}
 t - 2 scrolls of magic mapping {unknown}
 v - a scroll of summoning {unknown}
 w - a scroll of vulnerability {unknown}
 x - a scroll of amnesia {unknown}
Potions
 c - 4 potions of might
 d - a potion of degeneration {unknown}
 e - a potion of magic {unknown}
 g - 2 potions of attraction {unknown}
 h - a potion of resistance {unknown}
 j - 7 potions of heal wounds {unknown}
 o - 4 potions of curing {@q1}
 q - 3 potions of haste {unknown}
 z - a potion of lignification {unknown}
 B - a potion of cancellation {unknown}

Dungeon Overview and Level Annotations

Branches:
Dungeon (6/15)             Temple (0/1) D:6

Altars:
Ashenzari
Fedhas
Kikubaaqudgha
Makhleb
Okawaru
Trog
Wu Jian
The Shining One

Annotations:
D:4 1 runed translucent door, Crazy Yiuf
D:6 Maggie

#.....).)...........
###...))............
#..)...............
##........>.........
..#...................
.?..........[..P......
######.........>.....
...###...<..............
.......@Y.....##..P.....
......@l................
..........#..##.....###.
##.....#.##...#... ##
.......#.. .......
....####........ ##..
#... ... .. ....


You could see Maggie (mesmerising), a sky beast and an iguana.


Message History

* * * LOW HITPOINT WARNING * * *
Use which ability? (? or * to list)
You gain the combat prowess of a mighty hero.
The iguana bites you.
* * * LOW HITPOINT WARNING * * *
The sky beast flickers out of sight!
Deactivating autopickup; reactivate with Ctrl-A.
Something hits you.
* * * LOW HITPOINT WARNING * * *
Something shocks you.
* * * LOW HITPOINT WARNING * * *
Maggie gives herself a magical halo, but it quickly sputters out.
You block Maggie's attack.
You mangle Maggie!!
Maggie is almost dead.
A sky beast appears from thin air!
Reactivating autopickup.
The sky beast closely misses you. You block Maggie's attack.
The iguana bites you.
* * * LOW HITPOINT WARNING * * *
You feel better. You block the sky beast's attack.
Maggie hits you with a +0 war axe.
* * * LOW HITPOINT WARNING * * *
The iguana bites you!
* * * LOW HITPOINT WARNING * * *
You feel better.
The sky beast hits you but does no damage.
Maggie casts a spell at you. The bolt of fire hits you!
You die...

Skill      XL: |  1  2  3  4  5  6  7  8 |
---------------+-------------------------+-----
Unarmed Combat | 4 5 6 |  6.5
Throwing       | 1 2 3 4 |  4.6
Shields        | 3 4 |  4.6
Fighting       | 3 4 |  4.5
Invocations    | 2 3 |  3.7
Dodging        | |  2.4

Action                   |  1- 3 |  4- 6 |  7- 9 || total
-------------------------+-------+-------+-------++-------
Melee: Unarmed           |    31 |   184 |   159 ||   374
Throw: Boomerang         |       |       |     3 ||     3
Invok: Heroism           |       |       |     4 ||     4
  Use: Potion            |       |       |     2 ||     2
 Stab: Sleeping          |     1 |       |       ||     1
Armor: Robe              |     6 |    47 |    33 ||    86
Dodge: Dodged            |     4 |    66 |    49 ||   119
Block: Kite shield       |    10 |    67 |    46 ||   123

Levels and vault maps discovered:
D:1:      scummos_arrival_star, layout_loops_ring,
          shapermc_ecumenical_altar_mp_highgroup, skrybe_limestone_x,
          minmay_misc_feat_nine_boxes
D:2:      layout_basic, uniq_sigmund
D:3:      layout_rooms, nicolae_ashenzari_panopticon
D:4:      layout_cave_pools, mainiacjoe_overflow_catwalk,
          pdpol_wu_jian_five_deadly_venoms, nicolae_overflow_crystal_walls,
          grunt_temple_overflow_open, nicolae_overflow_hidden_temple,
          minmay_misc_feat_four_crosses, hangedman_decor_riveting,
          eino_tiny_chamber, roderic_lattice_a, uniq_robin,
          uniq_crazy_yiuf_cottage
D:5:      layout_loops_corners, lemuel_mausoleum_altar_kikubaaqudgha,
          ebering_dispersal_statue_hall, reono_crystal_passage
D:6:      layout_cave_pools, nicolae_dithmenos_through_a_glass_darkly,
          minmay_temple_entry_overgrown, minmay_small_thing, uniq_grinder,
          uniq_blork_the_orc, uniq_maggie, uniq_menkaure

Notes
Turn   | Place    | Note
-------+----------+-------------------------------------------
     0 | D:1      | xzight the Troll Fighter began the quest for the Orb.
     0 | D:1      | Reached XP level 1. HP: 22/22 MP: 0/0
   316 | D:1      | Reached XP level 2. HP: 29/29 MP: 1/1
   593 | D:1      | Reached skill level 3 in Unarmed Combat
   660 | D:1      | Found a faded altar of an unknown god.
   867 | D:2      | Noticed Sigmund
   883 | D:2      | Killed Sigmund
   884 | D:2      | Reached skill level 4 in Unarmed Combat
   884 | D:2      | Reached skill level 1 in Throwing
   884 | D:2      | Reached skill level 3 in Shields
   884 | D:2      | Reached XP level 3. HP: 19/36 MP: 2/2
   884 | D:2      | Reached XP level 4. HP: 23/44 MP: 3/3
   884 | D:2      | Reached XP level 5. HP: 27/52 MP: 4/4
  1166 | D:2      | Identified the +2 scale mail of the Iron Devil {+Blink
                  | Str+2}
  1395 | D:3      | Identified the +5 hand axe of Neawae {vorpal, rC+}
  1660 | D:3      | Found a broken altar of Ashenzari.
  1974 | D:4      | Reached skill level 3 in Fighting
  1974 | D:4      | Reached skill level 5 in Unarmed Combat
  2014 | D:4      | Noticed a phantom
  2022 | D:4      | Killed a phantom
  2023 | D:4      | Reached XP level 6. HP: 61/61 MP: 5/5
  2088 | D:4      | Found an iron altar of Okawaru.
  2093 | D:4      | Became a worshipper of Warmaster Okawaru
  2120 | D:4      | Reached skill level 2 in Throwing
  2202 | D:4      | Found a runed translucent door.
  2203 | D:4      | Noticed Crazy Yiuf
  2276 | D:4      | Found a bloodstained altar of Trog.
  2345 | D:4      | Noticed Robin
  2391 | D:4      | Killed Robin
  2516 | D:4      | Found a burning altar of Makhleb.
  2554 | D:4      | Found a blossoming altar of Fedhas.
  2560 | D:4      | Found a glowing golden altar of the Shining One.
  2839 | D:4      | Found an ornate altar of the Wu Jian Council.
  3058 | D:5      | Entered Level 5 of the Dungeon
  3066 | D:5      | Reached XP level 7. HP: 53/67 MP: 6/6
  3097 | D:5      | Reached skill level 1 in Invocations
  3109 | D:5      | Noticed a wyvern
  3115 | D:5      | Killed a wyvern
  3115 | D:5      | Reached * piety under Okawaru
  3116 | D:5      | Reached skill level 4 in Shields
  3116 | D:5      | Reached skill level 6 in Unarmed Combat
  3149 | D:5      | Reached skill level 2 in Invocations
  3566 | D:5      | Reached skill level 3 in Throwing
  3800 | D:5      | Reached skill level 4 in Fighting
  3829 | D:5      | Reached XP level 8. HP: 78/78 MP: 9/9
  3839 | D:5      | Reached skill level 3 in Invocations
  3840 | D:5      | Found an ancient bone altar of Kikubaaqudgha.
  3853 | D:5      | Reached ** piety under Okawaru
  3863 | D:5      | Reached skill level 4 in Throwing
  4357 | D:6      | Noticed Blork the orc
  4372 | D:6      | Killed Blork the orc
  4431 | D:6      | Noticed Grinder
  4439 | D:6      | Killed Grinder
  4451 | D:6      | Found a staircase to the Ecumenical Temple.
  4484 | D:6      | Noticed Maggie
  4498 | D:6      | HP: 6/79 [something (5)]
  4500 | D:6      | HP: 1/79 [iguana (11)]
  4501 | D:6      | Killed from afar by Maggie

Vanquished Creatures
  Grinder (D:6)
  Sigmund (D:2)
  A wyvern (D:5)
  2 phantoms
  Blork the orc (D:6)
  2 necrophages
  A water moccasin zombie (D:5)
  2 scorpions
  A centaur zombie (D:5)
  4 bullfrog zombies (D:5)
  A jelly (D:6)
  2 orc priests
  A human zombie (D:5)
  3 iguanas (D:5)
  3 orc wizards
  A killer bee zombie (D:5)
  2 mummies (D:5)
  Robin (D:4)
  4 gnolls (D:4)
  8 adders
  An adder zombie (D:5)
  A worm (D:3)
  3 dart slugs
  12 orcs
  4 ball pythons
  4 endoplasms
  2 giant cockroaches
  12 goblins
  9 hobgoblins
  2 jackals (D:4)
  3 quokkas
  2 bats
  3 frilled lizards
  2 kobolds (D:3)
  4 rats
106 creatures vanquished.

Table legend: (Time is in decaauts)
 A = Elapsed time spent in this place.
 B = Non-inter-level travel time spent in this place.
 C = Inter-level travel time spent in this place.
 D = Time resting spent in this place.
 E = Time spent auto-exploring this place.
 F = Levels seen in this place.
 G = Mean time per level.
                   A        B        C        D        E       F      G
               +--------+--------+--------+--------+--------+-----+--------+
         Total |   4516 |   4362 |    154 |    272 |   3197 |   6 |  752.7 |
       Dungeon |   4516 |   4362 |    154 |    272 |   3197 |   6 |  752.7 |
               +--------+--------+--------+--------+--------+-----+--------+

Top non-repeatable levels by time:
     D:5: 1209 daAuts
     D:4: 1067 daAuts
     D:1: 789 daAuts
     D:3: 626 daAuts
     D:2: 601 daAuts
     D:6: 222 daAuts

Table legend:
 A = Non-vault XP
 B = Vault XP
 C = Vault XP percentage of total XP
 D = Non-vault monster count
 E = Vault monster count
 F = Vault count percentage of total count
                 A         B        C        D         E       F
            +---------+---------+-------+---------+---------+-------
      Total |    1289 |    1138 |  46.9 |      78 |      28 |  26.4
            +---------+---------+-------+---------+---------+-------
        D:1 |      23 |       0 |   0.0 |      13 |       0 |   0.0
        D:2 |      21 |     231 |  91.7 |       6 |       1 |  14.3
        D:3 |      47 |       0 |   0.0 |      19 |       0 |   0.0
        D:4 |     361 |      39 |   9.8 |      20 |      13 |  39.4
        D:5 |     596 |     511 |  46.2 |      14 |      12 |  46.2
        D:6 |     241 |     357 |  59.7 |       6 |       2 |  25.0
            +---------+---------+-------+---------+---------+-------
